 Dungeon Crawl Stone Soup version 0.17.0-9-g801d43b (webtiles) character file.

1193 Gravenous the Gusty (level 8, -4/68 HPs)
             Began as a Naga Venom Mage on Nov 9, 2015.
             Slain by an orc warrior
             ... wielding a +2 long sword of flaming
              (7 damage)
             ... on level 6 of the Dungeon.
             The game lasted 00:18:50 (6339 turns).

Gravenous the Gusty (Naga Venom Mage)               Turns: 6339, Time: 00:18:51

Health: -4/68      AC:  7    Str: 11      XL:     8   Next: 43%
Magic:  4/13       EV:  9    Int: 17      God:
Gold:   185        SH:  0    Dex:  9 (12) Spells: 2 memorised, 9 levels left

rFire  . . .     SeeInvis +     q - +0 dagger (speed)
rCold  + . .     Clarity  .     u - +2 robe {rC+}
rNeg   . . .     SustAt   .     (no shield)
rPois  +         Gourm    .     r - +1 helmet
rElec  .         Spirit   .     (no cloak)
rCorr  .         Warding  .     (no gloves)
rMut   .         Stasis   .     (no barding)
MR     +....                    (no amulet)
Stlth  +++.......               (no ring)
                                (no ring)

@: about to teleport, very slow, somewhat resistant to hostile enchantments,
fairly stealthy
A: see invisible, deformed body, poison resistance, slowness 2, slow metabolism
1, spit poison 2, AC +2
a: Spit Poison


You were on level 6 of the Dungeon.
You were hungry.

You visited 1 branch of the dungeon, and saw 6 of its levels.

You collected 185 gold pieces.

Inventory:

Hand Weapons
 d - a +1 dagger
 q - a +0 dagger of speed (weapon)
 s - a +0 blowgun
 F - a +1 falchion of holy wrath
Missiles
 y - 17 poisoned needles
Armour
 r - a +1 helmet (worn)
 u - a +2 robe of cold resistance (worn)
Wands
 j - a wand of disintegration (15)
Scrolls
 a - a scroll of recharging
 i - a scroll of fog
 k - 2 scrolls of remove curse
 l - a scroll of teleportation
 n - a scroll of enchant weapon
 o - 2 scrolls of magic mapping
 x - a scroll of holy word {unknown}
 E - a scroll of random uselessness {unknown}
 G - a scroll of fear {unknown}
 H - a scroll of enchant armour
Potions
 e - 2 potions of heal wounds {unknown}
 f - a potion of agility
 h - a potion of flight {unknown}
 m - a potion of invisibility
 p - 3 potions of haste {unknown}
 w - a potion of cure mutation {unknown}
 z - 3 potions of curing {unknown}
 A - a potion of might {unknown}
 B - a potion of lignification {unknown}
 C - a potion of degeneration {unknown}
 D - a potion of cancellation {unknown}
Books
 b - a Young Poisoner's Handbook

   Spells                             Type                      Level
   a - Sting                          Conjuration/Poison           1
   b - Cure Poison                    Poison                       2
   c - Mephitic Cloud                 Conjuration/Poison/Air       3
   d - Olgreb's Toxic Radiance        Poison                       4
   e - Venom Bolt                     Conjuration/Poison           5
Comestibles
 c - 2 bread rations
 g - 2 meat rations
 t - a slice of pizza
 v - 6 fruits
 I - 5 chunks of flesh


   Skills:
 + Level 2.4 Fighting
 - Level 1.5 Dodging
 - Level 5.4 Stealth
 - Level 3.4 Spellcasting
 * Level 5.6 Conjurations
 * Level 5.7 Air Magic
 - Level 5.3 Poison Magic


You had 9 spell levels left.
You knew the following spells:

 Your Spells              Type           Power        Failure   Level  Hunger
a - Sting                 Conj/Pois      ###.         1%          1    None
b - Mephitic Cloud        Conj/Pois/Air  ###.....     8%          3    ###....


Dungeon Overview and Level Annotations

Branches:
Dungeon (6/15)
 Temple: D:4-7

Altars:
Ashenzari
Makhleb

Shops:
D:6 :

Annotations:
D:2 Sigmund
D:4 Gravenous's ghost, amateur NaWz
D:5 CrazyArbalest's ghost, amateur MiHu
D:6 exclusion: ice beast


Innate Abilities, Weirdness & Mutations

You cannot wear boots.
Your serpentine skin is tough (AC +2).
You have supernaturally acute eyesight.
Armour fits poorly on your strangely shaped body.
Your system is resistant to poisons.
You cover ground very slowly.
You have a slow metabolism.
You can spit poison.


Message History

You catch the helpless orc warrior completely off-guard!
You hit the orc warrior.
The orc warrior is moderately wounded.
The orc warrior barely misses you. The giant frog hits you!
* * * LOW HITPOINT WARNING * * *
You hit the orc warrior but do no damage.
The orc warrior is moderately wounded.
The giant frog closely misses you.
The orc warrior hits itself but does no damage.
You hit the orc warrior.
The orc warrior is moderately wounded.
The giant frog hits you but does no damage.
Unknown command.
Read which item? (? for menu, Esc to quit)
As you read the scroll of teleportation, it crumbles to dust.
You feel strangely unstable. The giant frog barely misses you.
The orc warrior hits you with a long sword of flaming!
* * * LOW HITPOINT WARNING * * *
The orc warrior burns you!
You die...

8.∩ ##. ######8 #...... #.####.
#.######### ##.## ## #
.....hh)hh#########...## #.
#.#######F##...........# #
#.##. #@##.######....# ......
#o##.#.....#.#.# ###.#..
######.##.#.....#.#.#
)......##..........)......#.###
..........####.##.#.....###....
###.#.##### #.##.#.....# #....
# ######.##.###.#.# #..#.
.............#.#.###..#.
##########<...........#.


You could see an orc warrior (confused), a giant frog and 2 jackals.

Vanquished Creatures
  Eustachio (D:5)
  Duvessa (D:6)
  2 ogres
  A black bear (D:5)
  2 giant frogs
  Dowan (D:6)
  2 quasits
  2 orc priests
  3 orc wizards (D:3)
  A centaur skeleton (D:5)
  A giant frog skeleton (D:4)
  3 iguanas
  A worker ant (D:6)
  A hound skeleton (D:4)
  7 adders
  2 oozes
  A worm (D:3)
  9 giant geckos
  12 orcs
  18 bats
  12 goblins
  6 hobgoblins
  6 jackals (D:3)
  A quokka (D:2)
  A ball python (D:5)
  8 giant cockroaches
  4 giant newts
  12 kobolds
  A quokka zombie (D:6)
  8 rats
130 creatures vanquished.

Notes
Turn   | Place    | Note
--------------------------------------------------------------
     0 | D:1      | Gravenous the Naga Venom Mage began the quest for the Orb.
     0 | D:1      | Reached XP level 1. HP: 15/15 MP: 3/3
   206 | D:1      | You fall through a shaft!
   464 | D:1      | Reached XP level 2. HP: 5/22 MP: 0/5
   674 | D:1      | Reached skill level 1 in Conjurations
  1274 | D:1      | Reached XP level 3. HP: 28/28 MP: 3/6
  1570 | D:2      | Learned a level 3 spell: Mephitic Cloud
  1571 | D:2      | Noticed Sigmund
  1991 | D:2      | Reached XP level 4. HP: 28/36 MP: 3/7
  2031 | D:2      | Reached skill level 1 in Air Magic
  2196 | D:2      | Found a burning altar of Makhleb.
  2586 | D:3      | Found a shattered altar of Ashenzari.
  2733 | D:3      | Reached XP level 5. HP: 40/42 MP: 3/8
  3060 | D:3      | Reached skill level 5 in Stealth
  3490 | D:3      | Reached XP level 6. HP: 47/49 MP: 6/10
  4229 | D:4      | Noticed Gravenous's ghost (amateur NaWz)
  4450 | D:5      | Entered Level 5 of the Dungeon
  4456 | D:5      | Reached XP level 7. HP: 39/55 MP: 10/12
  4495 | D:5      | Noticed CrazyArbalest's ghost (amateur MiHu)
  4988 | D:5      | Reached skill level 1 in Fighting
  5440 | D:5      | Noticed Eustachio
  5478 | D:5      | Killed Eustachio
  5478 | D:5      | Reached skill level 5 in Air Magic
  5608 | D:6      | Reached XP level 8. HP: 64/64 MP: 13/13
  5648 | D:6      | Reached skill level 5 in Conjurations
  5723 | D:6      | Noticed Duvessa
  5723 | D:6      | Noticed Dowan
  5729 | D:6      | Killed Dowan
  5752 | D:6      | Killed Duvessa
  6162 | D:6      | Found Ixtaq's Book Shoppe.
  6339 | D:6      | HP: 3/68 [orc warrior/long sword of flaming (16)]
  6339 | D:6      | Slain by an orc warrior

Action                   |  1- 3 |  4- 6 |  7- 9 || total
-------------------------+-------+-------+-------++-------
Melee: Dagger            |    45 |   209 |    98 ||   352
       Unarmed           |     8 |       |       ||     8
       Falchion          |       |       |    24 ||    24
 Cast: Sting             |    50 |    93 |    48 ||   191
       Mephitic Cloud    |       |    10 |     8 ||    18
 Abil: Spit Poison       |     9 |    12 |    12 ||    33
  Use: Scroll            |       |    10 |     1 ||    11
 Stab: Sleeping          |     2 |     7 |     2 ||    11
       Confused          |       |     6 |     5 ||    11
  Eat: Chunk             |     3 |     9 |     6 ||    18
